 Dungeon Crawl Stone Soup version 0.32-a0-886-g41c5271027 (webtiles) character file.

Game seed: 9760532395891513796

67 KennySheep the Digger (level 4, -5/45 HPs)
             Began as a Formicid Earth Elementalist on Apr 2, 2024.
             Was a Believer of Elyvilon.
             Slain by a gnoll
             ... wielding a +1 flail of protection
              (9 damage)
             ... on level 3 of the Dungeon.
             The game lasted 00:06:14 (2004 turns).

KennySheep the Digger (Formicid Earth Elementalist) Turns: 2004, Time: 00:06:15

Health: -5/45      AC: 22    Str: 10 (13) XL:     4   Next: 38%
Magic:  0/7        EV:  2    Int: 14 (16) God:    Elyvilon [**....]
Gold:   60         SH:  0    Dex: 11 (14) Spells: 3/7 levels left

rFire   + . .        i - +0 dagger
rCold   + . .        (no shield)
rNeg    . . .        a - melded +0 robe
rPois   +            (helmet unavailable)
rElec   +            (cloak currently unavailable)
rCorr   +            (gloves currently unavailable)
SInv    .            (boots currently unavailable)
Will    +....        (no amulet)
Stlth   ++           (no ring)
HPRegen 0.27/turn    (no ring)
MPRegen 0.10/turn

%: no passive effects
@: tree-form, resistant, enlightened
A: stationary, stasis, torment immunity, boosted hp, permanent stasis, dig
shafts and tunnels, (antennae 3), four strong arms
a: Renounce Religion, Purification, Heal Other


You were on level 3 of the Dungeon.
You worshipped Elyvilon.
Elyvilon was pleased with you.
You were a tree.
You visited 1 branch of the dungeon, and saw 3 of its levels.

You collected 60 gold pieces.

Inventory:

Hand Weapons
 i - a +0 dagger (weapon)
Armour
 a - a +0 robe (melded)
Scrolls
 c - 5 scrolls of identify {unknown}
 f - a scroll of revelation {unknown}
 g - a scroll of teleportation {unknown}
 j - a scroll of amnesia {unknown}
 k - a scroll of poison {unknown}
 m - a scroll of blinking {unknown}
Potions
 b - a potion of magic
 e - a potion of enlightenment


   Skills:
 - Level 1.8 Dodging
 - Level 2.5 Stealth
 - Level 2.2 Spellcasting
 - Level 1.0 Conjurations
 * Level 5.7 Earth Magic


You had 3 spell levels left.
You knew the following spells:

 Your Spells              Type           Power      Damage    Failure   Level
a - Sandblast             Erth           34%        2d9       2%          1
b - Passwall              Erth           17%        N/A       7%          3

Your spell library contained the following spells:

 Spells                   Type           Power      Damage    Failure   Level
 Stone Arrow              Conj/Erth      22%        3d8       17%         3
 Brom's Barrelling Bould  Conj/Erth      11%        2d3       50%         4
 Petrify                  Alch/Erth      9%         N/A       56%         4


Dungeon Overview and Level Annotations

Branches:
Dungeon (3/15)

Altars:
Elyvilon


Innate Abilities, Weirdness & Mutations

You are a tree.
Your roots penetrate the ground, keeping you stationary.
You cannot be teleported.
You are immune to unholy pain and torment.
Your maximum health is greatly increased.
Your equipment is partially melded.
You cannot be hasted, slowed, berserked, paralysed or teleported.
You can dig through walls and to a lower floor.
((You have a pair of large antennae on your head. (SInv)))
Your four strong arms can wield two-handed weapons with a shield.


Message History

Press: ? - help, Q - select action, (/) - cycle Shift-Dir - straight line, f - gnoll, p - gnoll
Aim: a gnoll, wielding a +0 whip (heavily wounded, 84% to hit)
The blast of sand hits the gnoll.
The gnoll is severely wounded.
The gnoll hits you but does no damage. The gnoll hits you with a +0 whip.
* * * LOW HITPOINT WARNING * * *
The gnoll hits you but does no damage.
Aiming: Sandblast (safe; 2% risk of failure)
Press: ? - help, Q - select action, (/) - cycle Shift-Dir - straight line, f/p - gnoll
Aim: a gnoll, wielding a +0 whip (severely wounded, 84% to hit)
The blast of sand hits the gnoll!
You kill the gnoll!
The gnoll hits you but does no damage.
You hit the gnoll but do no damage. The gnoll barely misses you.
You hit the gnoll but do no damage.
The gnoll hits you with a +1 flail of protection.
* * * LOW HITPOINT WARNING * * *
You hit the gnoll but do no damage. The gnoll hits you but does no damage.
You hit the gnoll but do no damage.
The gnoll hits you with a +1 flail of protection!
* * * LOW HITPOINT WARNING * * *
You hit the gnoll but do no damage.
The gnoll hits you with a +1 flail of protection.
* * * LOW HITPOINT WARNING * * *
You hit the gnoll.
The gnoll is moderately wounded.
The gnoll hits you with a +1 flail of protection!
Elyvilon protects you from harm!
You hit the gnoll but do no damage.
The gnoll is moderately wounded.
The gnoll hits you but does no damage.
You completely miss the gnoll.
The gnoll is moderately wounded.
The gnoll hits you but does no damage.
Aiming: Sandblast (safe; 2% risk of failure)
Press: ? - help, Q - select action, (/) - cycle Shift-Dir - straight line, f - gnoll
Aim: a gnoll, wielding a +1 flail of protection (moderately wounded, 84% to hit)
The blast of sand misses the gnoll.
The gnoll hits you with a +1 flail of protection!
You die...

#.# #)# #.#
##'##
##...##
##....>##
##.......##
#.g)......#
+.♣.......+
{
#.........#
##.......##
##.....##
##...##
##+##


You could see a gnoll.

Vanquished Creatures
  An adder (D:2)
  2 gnolls (D:3)
  4 endoplasms (D:1)
  3 giant cockroaches
  2 goblins (D:1)
  6 hobgoblins
  3 kobolds
  A quokka (D:1)
  4 ball pythons
  3 bats (D:1)
  A frilled lizard (D:1)
  4 rats
34 creatures vanquished.

Notes
Turn   | Place    | Note
-------+----------+-------------------------------------------
     0 | D:1      | KennySheep the Formicid Earth Elementalist began the quest
                  | for the Orb.
     0 | D:1      | Reached XP level 1. HP: 13/13 MP: 3/3
   125 | D:1      | Reached skill level 1 in Conjurations
   145 | D:1      | Found a faded altar of an unknown god.
   156 | D:1      | Prayed at the altar of an unknown god.
   156 | D:1      | Became a worshipper of Elyvilon the Healer
   156 | D:1      | Reached * piety under Elyvilon
   296 | D:1      | Reached XP level 2. HP: 19/19 MP: 3/5
   336 | D:1      | Reached skill level 4 in Earth Magic
   762 | D:1      | Reached XP level 3. HP: 24/24 MP: 3/6
  1081 | D:1      | Learned a level 3 spell: Passwall
  1126 | D:2      | Reached ** piety under Elyvilon
  1401 | D:2      | Reached skill level 5 in Earth Magic
  1980 | D:3      | Reached XP level 4. HP: 30/30 MP: 3/7
  2000 | D:3      | HP: 2/45 [gnoll/+1 flail of protection (1)]
  2001 | D:3      | Elyvilon protects you from harm!
  2004 | D:3      | Slain by a gnoll

Illustrated notes

Levels and vault maps discovered:
D:1:      dpeg_arrival_boxorama, layout_loops_corners,
          shapermc_ecumenical_altar_starsandcircs
D:2:      layout_loops_corners, hex_tiny
D:3:      layout_loops_corners, old_standard_altar, nicolae_overflow_squiral,
          chequers_serial_rivers_micro_d

Skill      XL: |  1  2  3 |
---------------+----------+-----
Conjurations   | 1 |  1.0
Earth Magic    | 4 5 |  5.7
Dodging        | |  1.8
Stealth        | |  2.5
Spellcasting   | |  2.2

Action                     |  1- 3 |  4- 6 || total
---------------------------+-------+-------++-------
  Melee: Unarmed           |     5 |       ||     5
         Dagger            |     1 |     8 ||     9
   Cast: Sandblast         |    45 |     6 ||    51
    Use: Potion            |       |     6 ||     6
   Stab: Sleeping          |     1 |       ||     1
 Armour: Robe              |     9 |     4 ||    13
         Skin              |       |    20 ||    20
  Dodge: Dodged            |    12 |     5 ||    17

Table legend: (Time is in decaauts)
 A = Elapsed time spent in this place.
 B = Non-inter-level travel time spent in this place.
 C = Inter-level travel time spent in this place.
 D = Time resting spent in this place.
 E = Time spent auto-exploring this place.
 F = Levels seen in this place.
 G = Mean time per level.
                   A        B        C        D        E       F      G
               +--------+--------+--------+--------+--------+-----+--------+
         Total |   2028 |   1976 |     52 |      0 |   1731 |   3 |  676.0 |
       Dungeon |   2028 |   1976 |     52 |      0 |   1731 |   3 |  676.0 |
               +--------+--------+--------+--------+--------+-----+--------+

Top non-repeatable levels by time:
     D:1: 1118 daAuts
     D:2: 869 daAuts
     D:3: 39 daAuts
